[Event "Serbian League Women 2024"]
[Site "Bajina Basta"]
[Date "2024.10.03"]
[Round "7.1"]
[White "Pogorelskikh, Sofia"]
[Black "Savitha Shri B"]
[Result "0-1"]
[ECO "C63"]
[WhiteElo "2176"]
[BlackElo "2348"]
[Annotator "TA"]
[PlyCount "56"]
[EventDate "2024.09.26"]
[EventType "team-tourn"]
[EventCountry "SRB"]
[SourceTitle "playchess.com"]
[Source "ChessBase"]
[SourceQuality "1"]
[TimeControl "40/5400+30:1800+30"]

1. e4 e5 2. Nf3 Nc6 3. Bb5 f5 4. d3 fxe4 5. dxe4 Nf6 6. O-O d6 7. Nc3 Be7 8. Qd3 O-O 9. a3 (9. Bxc6 $14 bxc6 10. Qc4+ Kh8 11. Qxc6) 9... Kh8 10. Bc4 Nh5 {[%emt 0:09:20] The position is equal.} 11. Nd5 Bg4 12. Nxe7 Qxe7 13. Bg5 Qd7 {[%emt 0:17:53] White must now prevent ...Bxf3.} (13... Rxf3 $5 14. gxf3 Qxg5 15. fxg4 b5 (15... Qxg4+ 16. Kh1 $14) 16. Bxb5 Nd4 $15 (16... Qxg4+ 17. Kh1 $16)) 14. Nh4 ({White should try} 14. Nd2 $11) 14... Nf4 $15 15. Qd2 {[%emt 0:06:57] [#]} (15. Bxf4 $15 Rxf4 16. g3) 15... Nxg2 $1 $19 16. Kxg2 {[%emt 0:05:14] [#]} (16. Nxg2 Bf3 17. Rfe1 Qg4 $19) (16. f4 $142 Nxf4 17. Bxf4 exf4 (17... Rxf4 $2 18. Rxf4 exf4 19. Qxf4 $19) 18. Rxf4) 16... Bf3+ $1 17. Nxf3 Qg4+ 18. Kh1 {[%emt 0:00:11] Threatens to win with Be2.} Qxf3+ (18... Rxf3 $2 19. Rg1 Qh3 20. Rg2 $18) 19. Kg1 {[%emt 0:00:08] Hoping for Qd1.} Qg4+ (19... Qxe4 $2 20. Bd5 Qf5 21. c3 $18) 20. Kh1 Qxe4+ 21. f3 Qxc4 22. c3 e4 23. f4 (23. Qg2 $142) 23... Rae8 24. Qe3 {[%emt 0:00:43] [#]} Ne5 $1 25. b3 Qd3 {[%emt 0:01:51] Black is clearly winning.} ({And not} 25... Qxb3 26. fxe5 Qb5 27. c4 Qxe5 (27... Qxc4 28. Rf4 $17) 28. Rxf8+ Rxf8 29. Rg1 $11) 26. Rae1 Qxe3 27. Rxe3 Nf3 {[%emt 0:01:00] And now ...Nxg5 would win.} 28. Be7 Rxf4 {[%emt 0:01:06] White got outplayed after the opening.   Weighted Error Value: White=0.46/Black=0.11 (very precise) .  Loses game:     	White=1     	---        Mistake:       	White=4     	---        Inaccurate:     	White=1     	Black=1      OK:         	White=4     	Black=12     Best:        	White=1     	Black=1      Strong:       	---       	Black=1      Brilliant:      	---       	Black=1} ({Much less strong is} 28... Rxe7 29. Rfxf3 Rf5 30. h4) 0-1

[Event "Serbian League Women 2024"]
[Site "Bajina Basta"]
[Date "2024.10.03"]
[Round "7.2"]
[White "Toncheva, Nadya"]
[Black "Zherebtsova, Alexandra"]
[Result "1-0"]
[ECO "D94"]
[WhiteElo "2301"]
[BlackElo "2239"]
[Annotator "RC"]
[PlyCount "67"]
[EventDate "2024.09.26"]
[EventType "team-tourn"]
[EventCountry "SRB"]
[SourceTitle "playchess.com"]
[Source "ChessBase"]
[SourceQuality "1"]
[TimeControl "40/5400+30:1800+30"]

1. d4 d5 2. c4 c5 3. e3 cxd4 4. exd4 Nf6 5. Nc3 Nc6 6. Be3 g6 7. Nf3 Bg7 8. Be2 O-O 9. O-O Be6 10. c5 Ne4 11. Qa4 Nxc3 12. bxc3 Qc7 13. Rab1 Rad8 14. Rfd1 h6 15. Rb2 Bc8 16. c4 e5 17. Rbd2 exd4 18. Nxd4 Nxd4 19. Bxd4 dxc4 20. Bxg7 Kxg7 21. Qxc4 Rxd2 22. Qc3+ Kh7 23. Rxd2 Rd8 24. Rxd8 Qxd8 25. Bf3 Qe7 26. h3 Be6 27. Qe5 Qd7 28. a3 Qc8 29. Qd6 Bd7 30. Qe7 Kg7 31. Bd5 Qe8 32. Qxe8 Bxe8 33. Bxb7 Kf6 34. c6 1-0

[Event "Serbian League Women 2024"]
[Site "Bajina Basta"]
[Date "2024.10.03"]
[Round "7.3"]
[White "Ibrahimova, Sabina"]
[Black "Grozdanovic, Anastasia"]
[Result "1-0"]
[ECO "D34"]
[WhiteElo "2199"]
[BlackElo "2041"]
[Annotator "RC"]
[PlyCount "111"]
[EventDate "2024.09.26"]
[EventType "team-tourn"]
[EventCountry "SRB"]
[SourceTitle "playchess.com"]
[Source "ChessBase"]
[SourceQuality "1"]
[TimeControl "40/5400+30:1800+30"]

1. c4 e6 2. Nc3 d5 3. d4 c5 4. cxd5 exd5 5. Nf3 Nc6 6. Bf4 c4 7. g3 Nf6 8. Bg2 Be7 9. O-O O-O 10. Ne5 Be6 11. Rc1 Rc8 12. Nxc4 Nxd4 13. Ne3 Qb6 14. Be5 Nc6 15. Bxf6 Bxf6 16. Nexd5 Bxd5 17. Nxd5 Qxb2 18. Rb1 Qxa2 19. Nxf6+ gxf6 20. e3 b6 21. Bh3 Rcd8 22. Qg4+ Kh8 23. Qh4 Kg7 24. Bf5 h6 25. Qg4+ Kh8 26. Ra1 Qb2 27. Be4 Ne7 28. Qh5 Kg7 29. Rxa7 f5 30. Rxe7 fxe4 31. Rxe4 Rd6 32. Rd1 Rf6 33. Qg4+ Rg6 34. Qf3 Rc8 35. Rf4 Qb3 36. Rd7 Rf8 37. Rg4 Qe6 38. Rxg6+ Qxg6 39. Rd4 Qe6 40. Re4 Qd6 41. Rd4 Qe6 42. Qf4 Rc8 43. Rd6 Qh3 44. Qf6+ Kg8 45. Rd8+ Rxd8 46. Qxd8+ Kg7 47. Qxb6 Qh5 48. Qd4+ Kh7 49. Kg2 Qa5 50. e4 Qc7 51. Qf6 Qa7 52. Kh3 Qb7 53. f3 Qa7 54. Kh4 Qa2 55. h3 Qb3 56. Kh5 1-0

[Event "Serbian League Women 2024"]
[Site "Bajina Basta"]
[Date "2024.10.03"]
[Round "7.4"]
[White "Mihajlovic, Milena"]
[Black "Djukic, Sandra"]
[Result "1-0"]
[ECO "D24"]
[WhiteElo "2065"]
[BlackElo "2126"]
[Annotator "NA RC"]
[PlyCount "69"]
[EventDate "2024.09.26"]
[EventType "team-tourn"]
[EventCountry "SRB"]
[SourceTitle "playchess.com"]
[Source "ChessBase"]
[SourceQuality "1"]
[TimeControl "40/5400+30:1800+30"]

1. d4 Nf6 2. Nf3 d5 3. c4 dxc4 4. Nc3 e6 5. e4 b5 6. Bg5 b4 7. Na4 h6 8. Bxf6 Qxf6 9. Bxc4 Be7 10. Qe2 Bd7 11. e5 Qf4 12. g3 Qf5 13. Bd3 Qxd3 14. Qxd3 Bxa4 15. Rc1 c6 16. Qe4 O-O 17. h4 g6 18. h5 g5 19. Nh2 Nd7 20. Ng4 Kg7 21. f4 c5 22. b3 Bb5 23. f5 exf5 24. Qxf5 Rae8 25. Kd2 Bd8 26. d5 Bc7 27. Rhe1 Rd8 28. e6 fxe6 29. Qg6+ Kh8 30. Qxh6+ Kg8 31. Qxg5+ Kh8 32. Rxe6 Rf7 33. Rh6+ Rh7 34. Rxh7+ Kxh7 35. Re1 1-0

[Event "Serbian League Women 2024"]
[Site "Bajina Basta"]
[Date "2024.10.03"]
[Round "7.5"]
[White "Osmak, Yuliia"]
[Black "Garifullina, Leya"]
[Result "1/2-1/2"]
[ECO "E17"]
[WhiteElo "2471"]
[BlackElo "2438"]
[Annotator "ChessBase"]
[PlyCount "316"]
[EventDate "2024.09.26"]
[EventType "team-tourn"]
[EventCountry "SRB"]
[SourceTitle "playchess.com"]
[Source "ChessBase"]
[SourceQuality "1"]
[TimeControl "40/5400+30:1800+30"]

1. Nf3 d5 2. g3 Nf6 3. Bg2 e6 4. O-O Be7 5. b3 O-O 6. c4 b6 7. d4 Bb7 8. Nc3 Nbd7 9. Bb2 c5 10. Ne1 Rc8 11. Rc1 Re8 12. cxd5 exd5 13. Nd3 Bd6 14. e3 Qe7 15. Ba3 Ba6 16. dxc5 bxc5 17. Nxd5 Nxd5 18. Bxd5 Nb6 19. Bg2 Rcd8 20. Qc2 c4 21. Bxd6 Qxd6 22. Nf4 cxb3 23. Qxb3 Bxf1 24. Rxf1 Qc5 25. Qb2 Qa5 26. a3 Rd2 27. Qb4 Qxb4 28. axb4 Red8 29. Bf3 Nc4 30. h4 Ne5 31. Be2 h6 32. h5 g5 33. hxg6 fxg6 34. Ra1 R8d6 35. Ra5 Nc6 36. Bc4+ Kh8 37. Ra4 g5 38. Nh5 Rc2 39. Bb5 Ne5 40. Rxa7 Rd1+ 41. Kg2 Rcc1 42. Ra8+ Kh7 43. Ra7+ Kg6 44. Be8+ Kf5 45. Ng7+ Ke4 46. f3+ Kxe3 47. Nf5+ Kd2 48. Ra2+ Kc3 49. Nxh6 Rg1+ 50. Kh3 Kxb4 51. Bh5 Rc7 52. Kh2 Re1 53. f4 gxf4 54. gxf4 Rh7 55. Ra6 Nd3 56. Bf3 Nc5 57. Rb6+ Ka5 58. Rc6 Kb5 59. Kg3 Rg7+ 60. Ng4 Rg1+ 61. Kh3 Nd3 62. Rh6 Nxf4+ 63. Kh2 Re1 64. Kg3 Nd3 65. Rd6 Nc5 66. Kf2 Ra1 67. Ne5 Ra2+ 68. Be2+ Ka5 69. Rc6 Kb4 70. Kf3 Ra3+ 71. Kf4 Rg8 72. Rf6 Kc3 73. Bf3 Re8 74. Rc6 Rf8+ 75. Ke3 Kb4+ 76. Kd4 Rd8+ 77. Bd5 Nb3+ 78. Ke4 Nd2+ 79. Kd4 Ra5 80. Nd3+ Ka4 81. Nc5+ Ka3 82. Ra6 Nb3+ 83. Ke5 Rxa6 84. Nxa6 Nc1 85. Bc4 Ka4 86. Nc7 Kb4 87. Be6 Nd3+ 88. Kf6 Kc5 89. Bf5 Rf8+ 90. Kg5 Rg8+ 91. Kf6 Nb4 92. Ke5 Nc6+ 93. Ke4 Rg1 94. Kf4 Re1 95. Ne6+ Kd6 96. Ng5 Nd4 97. Be4 Rf1+ 98. Ke3 Nb3 99. Nf3 Nc5 100. Bg6 Rh1 101. Bf5 Kd5 102. Bg6 Ke6 103. Bc2 Ra1 104. Kd4 Kd6 105. Ng5 Ra2 106. Ne4+ Nxe4 107. Bxe4 Ra4+ 108. Kd3 Ke5 109. Bc6 Ra1 110. Bb5 Rc1 111. Bc4 Rb1 112. Bf7 Rf1 113. Bg8 Rd1+ 114. Kc4 Rd4+ 115. Kc3 Rg4 116. Bf7 Rg7 117. Ba2 Rb7 118. Bc4 Ke4 119. Be6 Rc7+ 120. Kb3 Kd4 121. Bf5 Rc3+ 122. Kb2 Kc4 123. Be6+ Kb4 124. Bd5 Rd3 125. Be4 Rd2+ 126. Ka1 Kb3 127. Bf5 Rd6 128. Bh7 Rd8 129. Bg6 Rf8 130. Be4 Rf1+ 131. Bb1 Rf4 132. Bg6 Rf6 133. Be4 Ra6+ 134. Kb1 Rd6 135. Bc2+ Kc3 136. Bf5 Rb6+ 137. Ka1 Rf6 138. Be4 Rf4 139. Bg6 Kb3 140. Bh7 Ra4+ 141. Kb1 Rh4 142. Bc2+ Kc3 143. Bf5 Rh6 144. Ka1 Kb3 145. Be4 Rd6 146. Bf5 Rd1+ 147. Bb1 Rd2 148. Bf5 Ra2+ 149. Kb1 Re2 150. Ka1 Ka3 151. Kb1 Re5 152. Bg6 Rg5 153. Be4 Kb3 154. Bc2+ Kc3 155. Be4 Rb5+ 156. Ka1 Kb3 157. Bg6 Rb7 158. Bf5 Re7 1/2-1/2

[Event "Serbian League Women 2024"]
[Site "Bajina Basta"]
[Date "2024.10.03"]
[Round "7.6"]
[White "Rakhmangulova, Anastasiya"]
[Black "Roebers, Eline"]
[Result "1/2-1/2"]
[ECO "C00"]
[WhiteElo "2283"]
[BlackElo "2340"]
[Annotator "TA"]
[PlyCount "82"]
[EventDate "2024.09.26"]
[EventType "team-tourn"]
[EventCountry "SRB"]
[SourceTitle "playchess.com"]
[Source "ChessBase"]
[SourceQuality "1"]
[TimeControl "40/5400+30:1800+30"]

1. e4 e6 2. b3 b6 3. Bb2 Bb7 4. e5 d6 5. exd6 cxd6 (5... c5 {is interesting.} 6. Bb5+ Nd7 7. Nf3 Ngf6) 6. Nf3 Nf6 7. d4 Be7 8. g3 O-O 9. Bg2 Nbd7 10. O-O Rc8 11. c4 Be4 (11... d5 $11) 12. Nc3 $14 Bg6 13. Rc1 Ne4 14. Ne2 h6 15. Re1 a6 16. Nf4 {[%emt 0:01:56] [#] aiming for Nxg6.} Bh7 17. Nd2 Nef6 18. Bh3 Qc7 {[%emt 0:08:04] [#]} 19. Nd5 $1 exd5 20. Rxe7 {[%emt 0:00:06] White is more active.} Qd8 21. Re1 b5 22. cxd5 Rxc1 23. Qxc1 Nb6 24. Qc6 {[%emt 0:02:09] Black must now prevent Bg2.} Nbxd5 25. a3 {[%emt 0:00:23] Prevents Nb4} (25. Qxa6 Nb4 26. Qxb5 Nd3 $19) 25... Qa5 26. b4 Qb6 27. Rc1 Re8 28. Qxb6 Nxb6 29. d5 Nfxd5 {[%emt 0:03:22] Strongly threatening ...Re2.} 30. Bd4 Bd3 31. Bg2 {[%emt 0:02:51] The position is equal.} Nc4 32. Bxd5 {[%emt 0:01:03] This pair of bishops is nice.} Nxd2 33. Rd1 Bc4 34. Bxf7+ (34. Bc6 $5 Rc8 $8 35. Bh1 $11) 34... Kxf7 35. Rxd2 $11 {[%emt 0:00:03][%mdl 4096] Endgame. KRB-KRB} Re1+ 36. Kg2 g5 37. f3 h5 38. Kf2 Rf1+ 39. Kg2 Ke6 40. h3 Re1 41. Kf2 Rf1+ {[%emt 0:31:19] Weighted Error Value: White=0.06 (flawless) /Black=0.07 (flawless) .  Mistake:       	---       	Black=1      Inaccurate:     	White=1     	Black=2      OK:         	White=17    	Black=17} 1/2-1/2

[Event "Serbian League Women 2024"]
[Site "Bajina Basta"]
[Date "2024.10.03"]
[Round "7.7"]
[White "Maksimovic, Suzana"]
[Black "Mandura, Tijana"]
[Result "1-0"]
[ECO "D31"]
[WhiteElo "2052"]
[BlackElo "2207"]
[Annotator "RC"]
[PlyCount "45"]
[EventDate "2024.09.26"]
[EventType "team-tourn"]
[EventCountry "SRB"]
[SourceTitle "playchess.com"]
[Source "ChessBase"]
[SourceQuality "1"]
[TimeControl "40/5400+30:1800+30"]

1. d4 d5 2. c4 e6 3. Nc3 c6 4. e4 dxe4 5. Nxe4 Bb4+ 6. Bd2 Qxd4 7. Bxb4 Qxe4+ 8. Be2 Na6 9. Ba5 b6 10. Qd6 Bd7 11. O-O-O O-O-O 12. Bc3 f6 13. Qa3 Kb7 14. Bf3 Qf4+ 15. Rd2 Nh6 16. Ne2 Qxc4 17. Rhd1 Kc8 18. b3 Qb5 19. Nd4 Qc5 20. Qxa6+ Kc7 21. Qxa7+ Kc8 22. Nb5 Qxb5 23. Rxd7 1-0

[Event "Serbian League Women 2024"]
[Site "Bajina Basta"]
[Date "2024.10.03"]
[Round "7.9"]
[White "Bivol, Alina"]
[Black "Gaponenko, Inna"]
[Result "0-1"]
[ECO "B76"]
[WhiteElo "2345"]
[BlackElo "2324"]
[Annotator "TA"]
[PlyCount "48"]
[EventDate "2024.09.26"]
[EventType "team-tourn"]
[EventCountry "SRB"]
[SourceTitle "playchess.com"]
[Source "ChessBase"]
[SourceQuality "1"]
[TimeControl "40/5400+30:1800+30"]

1. e4 c5 2. Nf3 d6 3. d4 cxd4 4. Nxd4 Nf6 5. Nc3 g6 6. Bc4 Bg7 7. f3 O-O 8. Be3 Nc6 9. Qe2 Na5 10. O-O-O Qc7 11. Bb3 a6 {[%emt 0:04:19] White must now prevent ...e5. The position is equal.} 12. Qd2 b5 13. h4 b4 14. Nd5 Nxb3+ 15. Nxb3 (15. axb3 $11 {remains equal.} Nxd5 16. exd5) 15... Nxd5 $17 16. exd5 a5 17. Bh6 $2 (17. Bd4 $17 {is a better chance.} a4 18. Na1 (18. Bxg7 $2 axb3 19. Bxf8 Bf5 $19)) 17... a4 $19 {[%emt 0:01:03] ...Bxh6 is the strong threat.} 18. Na1 Bxh6 19. Qxh6 Bf5 {[%emt 0:00:04] Threatens to win with ...a3.} 20. g4 $2 {[%emt 0:08:43] [#]} (20. Qf4 b3 21. Rd2) 20... Bxc2 $1 {[%emt 0:03:03][%mdl 512] Black is clearly winning.} 21. Nxc2 {[%emt 0:00:04] aiming for Kb1.} b3 22. Rd2 {[%emt 0:00:06][%cal Oa2a3] [#]} a3 $1 ({Worse is} 22... bxc2 23. Rxc2 Qb7 24. h5 $11) 23. bxa3 Rxa3 {[%emt 0:03:10][%cal Ob3a2] ( -> ...bxa2!)} 24. Kd1 Rxa2 {[%emt 0:02:54] Black took control after the opening.   Weighted Error Value: White=1.08/Black=0.27 (precise) .  Loses game:     	White=1     	---        Mistake:       	White=2     	---        Inaccurate:     	White=3     	Black=1      OK:         	White=1     	Black=6      Best:        	---       	Black=2} 0-1

[Event "Serbian League Women 2024"]
[Site "Bajina Basta"]
[Date "2024.10.03"]
[Round "7.10"]
[White "Doluhanova, Evgeniya"]
[Black "Velikic, Adela"]
[Result "1-0"]
[ECO "A12"]
[WhiteElo "2304"]
[BlackElo "2260"]
[Annotator "RC"]
[PlyCount "95"]
[EventDate "2024.09.26"]
[EventType "team-tourn"]
[EventCountry "SRB"]
[SourceTitle "playchess.com"]
[Source "ChessBase"]
[SourceQuality "1"]
[TimeControl "40/5400+30:1800+30"]

1. Nf3 d5 2. e3 Nf6 3. c4 c6 4. b3 Bf5 5. Bb2 e6 6. Be2 h6 7. O-O Bd6 8. d3 O-O 9. Nbd2 Be7 10. Qc2 Bh7 11. e4 a5 12. Ne5 Na6 13. a3 Nc5 14. Rad1 Qb8 15. exd5 cxd5 16. Bd4 Rc8 17. h3 Qd6 18. Ndf3 Ne8 19. b4 axb4 20. axb4 Na6 21. c5 Qd8 22. Qb3 f6 23. Ng4 Qd7 24. Ne3 Nec7 25. Ra1 Kh8 26. Bc3 Qb5 27. Nd4 Qe8 28. Ndc2 Nb5 29. Bd2 Nac7 30. d4 Rxa1 31. Rxa1 Ra8 32. Ra5 Qd7 33. Rxa8+ Nxa8 34. Qa4 Nac7 35. Na3 e5 36. Bxb5 Qe6 37. Bd7 Qf7 38. Bc3 exd4 39. Bxd4 f5 40. f4 Bh4 41. c6 bxc6 42. Qxc6 Bd8 43. Nb5 Nxb5 44. Qxb5 Qe7 45. Qxd5 Qxb4 46. Be6 Qb8 47. Be5 Qb6 48. Kh2 1-0

[Event "Serbian League Women 2024"]
[Site "Bajina Basta"]
[Date "2024.10.03"]
[Round "7.11"]
[White "Zhurova, Anna"]
[Black "Petronic, Sanja"]
[Result "1-0"]
[ECO "C78"]
[WhiteElo "2199"]
[BlackElo "2081"]
[Annotator "RC"]
[PlyCount "83"]
[EventDate "2024.09.26"]
[EventType "team-tourn"]
[EventCountry "SRB"]
[SourceTitle "playchess.com"]
[Source "ChessBase"]
[SourceQuality "1"]
[TimeControl "40/5400+30:1800+30"]

1. e4 e5 2. Nf3 Nc6 3. Bb5 a6 4. Ba4 Nf6 5. O-O b5 6. Bb3 Bc5 7. c3 d6 8. d4 Bb6 9. h3 O-O 10. Be3 Bb7 11. Nbd2 Re8 12. d5 Ne7 13. Bxb6 cxb6 14. a4 bxa4 15. Bxa4 b5 16. Bc2 Ng6 17. g3 Bc8 18. Kg2 h5 19. Rh1 Nh7 20. h4 Bg4 21. Qe1 Qc8 22. Qe3 Nf6 23. Ng5 b4 24. Ba4 Bd7 25. Bxd7 Qxd7 26. cxb4 Qb5 27. Rhc1 Qxb4 28. b3 Ng4 29. Qc3 Qb6 30. Qf3 Rf8 31. Nc4 Qa7 32. Nxd6 Rab8 33. Rc2 Ne7 34. Qd3 Rb6 35. Nc4 Rb4 36. Ra4 Rxa4 37. bxa4 f5 38. f3 fxe4 39. Nxe4 Nf6 40. d6 Nc6 41. Nxf6+ gxf6 42. Qd5+ 1-0

[Event "Serbian League Women 2024"]
[Site "Bajina Basta"]
[Date "2024.10.03"]
[Round "7.12"]
[White "Urosevic, Marija"]
[Black "Srdanovic, Jovana"]
[Result "0-1"]
[ECO "E54"]
[WhiteElo "2060"]
[BlackElo "2142"]
[Annotator "NA RC"]
[PlyCount "66"]
[EventDate "2024.09.26"]
[EventType "team-tourn"]
[EventCountry "SRB"]
[SourceTitle "playchess.com"]
[Source "ChessBase"]
[SourceQuality "1"]
[TimeControl "40/5400+30:1800+30"]

1. d4 Nf6 2. c4 e6 3. Nc3 Bb4 4. e3 O-O 5. Bd3 d5 6. Nf3 dxc4 7. Bxc4 c5 8. O-O cxd4 9. exd4 b6 10. Bg5 Bb7 11. Qe2 Bxc3 12. bxc3 Nbd7 13. Rac1 Qc7 14. Bd3 h6 15. Bd2 Ng4 16. Be4 Bxe4 17. Qxe4 Ngf6 18. Qh4 Qc4 19. Rc2 Rac8 20. Rb1 Qd3 21. Ne1 Qf5 22. f3 Rc4 23. g4 Qg6 24. Rb5 a6 25. Rb3 e5 26. Be3 Nd5 27. Bf2 Re8 28. dxe5 Nxe5 29. Qg3 Nxg4 30. Rc1 Nxf2 31. Kxf2 Qe6 32. Ng2 Nf4 33. Rf1 Nh3+ 0-1

[Event "Serbian League Women 2024"]
[Site "Bajina Basta"]
[Date "2024.10.03"]
[Round "7.13"]
[White "Aydin, Gulenay"]
[Black "Chelushkina, Irina"]
[Result "1/2-1/2"]
[ECO "B22"]
[WhiteElo "2202"]
[BlackElo "2167"]
[Annotator "RC"]
[PlyCount "94"]
[EventDate "2024.09.26"]
[EventType "team-tourn"]
[EventCountry "SRB"]
[SourceTitle "playchess.com"]
[Source "ChessBase"]
[SourceQuality "1"]
[TimeControl "40/5400+30:1800+30"]

1. e4 c5 2. c3 Nf6 3. e5 Nd5 4. Nf3 Nc6 5. Bc4 Nb6 6. Bb3 d5 7. exd6 c4 8. Bc2 Qxd6 9. O-O g6 10. b3 Bg7 11. Na3 cxb3 12. axb3 O-O 13. d4 Bg4 14. h3 Bxf3 15. Qxf3 e5 16. Nb5 Qd5 17. Qxd5 Nxd5 18. Be4 a6 19. Bxd5 axb5 20. Rxa8 Rxa8 21. dxe5 Bxe5 22. c4 b4 23. Bd2 Ra2 24. Bxc6 Rxd2 25. Bxb7 Bd4 26. Bf3 Rb2 27. c5 Bxc5 28. Bd5 h5 29. h4 Kg7 30. g3 f5 31. Kg2 Rd2 32. Bc4 Kf6 33. Kf3 Rb2 34. Bd5 g5 35. hxg5+ Kxg5 36. Bf7 Kf6 37. Bd5 Rc2 38. Bc4 Bd4 39. Bd5 Bc5 40. Bc4 Rc3+ 41. Kg2 Rc2 42. Kf3 Kg5 43. Bf7 Rc3+ 44. Kg2 f4 45. gxf4+ Kxf4 46. Bxh5 Rxb3 47. Rc1 Rc3 1/2-1/2

[Event "Serbian League Women 2024"]
[Site "Bajina Basta"]
[Date "2024.10.03"]
[Round "7.14"]
[White "Borisova, Ekaterina"]
[Black "Yildiz, Elif Zeren"]
[Result "1-0"]
[ECO "E06"]
[WhiteElo "2205"]
[BlackElo "1934"]
[Annotator "RC"]
[PlyCount "155"]
[EventDate "2024.09.26"]
[EventType "team-tourn"]
[EventCountry "SRB"]
[SourceTitle "playchess.com"]
[Source "ChessBase"]
[SourceQuality "1"]
[TimeControl "40/5400+30:1800+30"]

1. d4 Nf6 2. c4 e6 3. g3 d5 4. Bg2 Be7 5. Nf3 O-O 6. Qc2 dxc4 7. Qxc4 a6 8. Ne5 b5 9. Qc2 Nd5 10. O-O Bb7 11. Bd2 Bf6 12. Nf3 Nd7 13. Ba5 N5b6 14. Nbd2 Rc8 15. Ng5 Bxg5 16. Bxb7 Rb8 17. Bg2 Be7 18. Rfd1 Bd6 19. Ne4 Qe7 20. Rac1 Rfc8 21. Nc5 Nc4 22. Be1 Nxc5 23. dxc5 Be5 24. b3 Na3 25. Qd2 b4 26. Qd7 Qxd7 27. Rxd7 a5 28. f4 Bb2 29. Rcd1 g6 30. Bc6 Bf6 31. e4 Kf8 32. Bf2 Rd8 33. Kf1 Be7 34. Ke2 Rdc8 35. Kd3 Rd8 36. Ke2 Rdc8 37. e5 h5 38. h3 Nb5 39. R1d2 Nc3+ 40. Kd3 Nb1 41. Rb2 Nc3 42. Kc4 f5 43. Bd4 Kf7 44. Bxc3 bxc3 45. Rc2 h4 46. a3 Rd8 47. Rxd8 Rxd8 48. gxh4 Bxh4 49. Rxc3 Be1 50. Rf3 Rd1 51. Kb5 Rd4 52. Bb7 Bd2 53. Kc6 Rd5 54. Ba6 g5 55. Bc4 Rd4 56. fxg5 Bf4 57. a4 Kg6 58. Rxf4 Rxf4 59. Kxc7 Rxc4 60. bxc4 f4 61. c6 f3 62. Kd6 f2 63. c7 f1=Q 64. c8=Q Qd3+ 65. Ke7 Qa3+ 66. c5 Kxg5 67. Qg8+ Kf4 68. Qg4+ Kxe5 69. Qxe6+ Kd4 70. Qd6+ Kc4 71. c6 Qc3 72. c7 Qg7+ 73. Kd8 Qg8+ 74. Kd7 Qf7+ 75. Kc6 Qf3+ 76. Kb6 Qb3+ 77. Ka7 Qe3+ 78. Kb7 1-0

[Event "Serbian League Women 2024"]
[Site "Bajina Basta"]
[Date "2024.10.03"]
[Round "7.15"]
[White "Vujcic, Milena"]
[Black "Mihailova, Alina"]
[Result "1/2-1/2"]
[ECO "C70"]
[WhiteElo "2076"]
[BlackElo "1969"]
[Annotator "NA RC"]
[PlyCount "149"]
[EventDate "2024.09.26"]
[EventType "team-tourn"]
[EventCountry "SRB"]
[SourceTitle "playchess.com"]
[Source "ChessBase"]
[SourceQuality "1"]
[TimeControl "40/5400+30:1800+30"]

1. e4 e5 2. Nf3 Nc6 3. Bb5 a6 4. Ba4 Bc5 5. O-O d6 6. c3 Ba7 7. h3 Nge7 8. d4 O-O 9. Bg5 f6 10. Bb3+ Kh8 11. Bh4 Qe8 12. Bg3 f5 13. Bd5 f4 14. Bh2 Qh5 15. Kh1 g5 16. dxe5 dxe5 17. Nbd2 Rf6 18. Ng1 g4 19. Bc4 Qg6 20. hxg4 Bxg4 21. Be2 Bxe2 22. Qxe2 Rg8 23. g3 Bxf2 24. Rxf2 fxg3 25. Rg2 Qh6 26. Rf1 Rf4 27. Rxf4 exf4 28. Ngf3 Ng6 29. e5 Re8 30. Ne4 Ncxe5 31. Nxg3 fxg3 32. Rxg3 Re7 33. Ng5 Qh4 34. Qe3 Qxh2+ 35. Kxh2 Ng4+ 36. Rxg4 Rxe3 37. Rb4 b6 38. Kg2 Kg7 39. Kf2 Re5 40. Nf3 Rf5 41. Ke3 Ne7 42. Rc4 c6 43. Ra4 a5 44. Rg4+ Kf6 45. c4 Rh5 46. Rf4+ Rf5 47. Rd4 Ke6 48. Rd8 Rc5 49. Nd4+ Kf7 50. b3 b5 51. cxb5 cxb5 52. Ke4 b4 53. Rh8 Kg6 54. Nf3 Rc2 55. Re8 Kf7 56. Rh8 Kg7 57. Re8 Ng6 58. Ra8 Rxa2 59. Ra7+ Kg8 60. Nd4 h5 61. Kf5 Nf8 62. Kf6 Nh7+ 63. Kg6 Rg2+ 64. Kxh5 Nf6+ 65. Kh6 Ng4+ 66. Kg6 Ne3+ 67. Kf6 Rf2+ 68. Ke6 Nc2 69. Nxc2 Rxc2 70. Rxa5 Rc3 71. Rb5 Rxb3 72. Kd5 Rb1 73. Kc4 b3 74. Rxb3 Rxb3 75. Kxb3 1/2-1/2

[Event "Serbian League Women 2024"]
[Site "Bajina Basta"]
[Date "2024.10.03"]
[Round "7.16"]
[White "Stankovic, Andrea"]
[Black "Petrovic, Marija"]
[Result "1/2-1/2"]
[ECO "C40"]
[WhiteElo "1856"]
[BlackElo "1898"]
[Annotator "NA RC"]
[PlyCount "138"]
[EventDate "2024.09.26"]
[EventType "team-tourn"]
[EventCountry "SRB"]
[SourceTitle "playchess.com"]
[Source "ChessBase"]
[SourceQuality "1"]
[TimeControl "40/5400+30:1800+30"]

1. e4 e5 2. Nf3 Qe7 3. Bc4 d6 4. O-O h6 5. d4 Nf6 6. Nc3 c6 7. h3 Qc7 8. a4 a5 9. Qe2 Na6 10. Be3 Be7 11. Nh2 g5 12. Rad1 Rg8 13. Rd2 h5 14. f3 Bd7 15. Qf2 Qc8 16. Rfd1 Be6 17. d5 Bd7 18. g4 Nb4 19. b3 cxd5 20. Nxd5 Nbxd5 21. Bxd5 Bc6 22. c4 Bd7 23. Nf1 Rh8 24. Ng3 hxg4 25. hxg4 Bxg4 26. fxg4 Qxg4 27. Qg2 Rh4 28. Nf5 Nxd5 29. Nxh4 Nxe3 30. Qxg4 Nxg4 31. Nf5 Ra6 32. Nxd6+ Kf8 33. c5 Nf6 34. Re2 Nd7 35. Nxb7 Nxc5 36. Nxc5 Bxc5+ 37. Kg2 Rb6 38. Rd3 Kg7 39. Kg3 Kg6 40. Kg4 Bd4 41. Rf3 Rc6 42. Rf5 f6 43. Re1 Bb6 44. Rd1 Bd4 45. Rh1 Rc2 46. Rhf1 Rc6 47. R5f3 Bb6 48. Rb1 Rc2 49. Rbf1 Rc6 50. Rh1 Rd6 51. Rfh3 Rd2 52. Rh6+ Kf7 53. Rxf6+ Kxf6 54. Rh6+ Ke7 55. Rxb6 Rf2 56. Kxg5 Rf4 57. Rb5 Ke6 58. Rxa5 Rxe4 59. Rb5 Re1 60. Kg4 Rf1 61. a5 e4 62. Rb4 Kd5 63. Ra4 e3 64. a6 e2 65. a7 Rf8 66. Ra1 Ra8 67. Kf3 Rxa7 68. Re1 Rb7 69. Rxe2 Rxb3+ 1/2-1/2